 Dungeon Crawl Stone Soup version 0.29-a0-845-g6161e89988 (webtiles) character file.

Game seed: 9305534340120130010

539 omnesmortales the Sneak (level 7, -4/32 HPs)
             Began as a Spriggan Enchanter on July 15, 2022.
             Was an Initiate of Vehumet.
             Slain by a gnoll
             ... wielding a +0 flail
             ... led by a gnoll bouda
              (12 damage)
             ... in the Ecumenical Temple on July 16, 2022.
             The game lasted 00:42:56 (6317 turns).

omnesmortales the Sneak (Spriggan Enchanter)        Turns: 6317, Time: 00:42:57

Health: -4/32      AC:  4    Str:  6    XL:     7   Next: 5%
Magic:  14/14      EV: 19    Int: 16    God:    Vehumet [......]
Gold:   228        SH:  0    Dex: 16    Spells: 10/15 levels left

rFire   . . .      SeeInvis +   m - +3 short sword
rCold   . . .      Faith    .   (no shield)
rNeg    . . .      Spirit   .   b - +2 robe
rPois   .          Reflect  .   (helmet restricted)
rElec   .          Harm     .   (no cloak)
rCorr   .          Rampage  .   (gloves unavailable)
Will    +....                   (boots unavailable)
Stlth   ++++......              s - amulet of magic regeneration
HPRegen 0.10/turn               (no ring)
MPRegen 0.54/turn               (no ring)

@: very quick
A: very small, no large weapons, unfitting armour, see invisible, speed 3
a: Renounce Religion


You were in the Ecumenical Temple.
You worshipped Vehumet.
Vehumet was noncommittal.
You visited 2 branches of the dungeon, and saw 6 of its levels.

You collected 228 gold pieces.

Inventory:

Hand Weapons
 a - a +1 dagger
 h - a +1 short sword of venom
 m - a +3 short sword (weapon)
Armour
 b - a +2 robe (worn)
Magical Staves
 w - a staff of air
Jewellery
 s - an amulet of magic regeneration (around neck)
 u - a ring of resist corrosion
 v - an amulet of reflection
Scrolls
 e - 2 scrolls of identify
 f - a scroll of fear {unknown}
 i - 2 scrolls of fog {unknown}
 j - a scroll of immolation {unknown}
 l - 2 scrolls of noise {unknown}
 o - a scroll of enchant armour
 p - a scroll of enchant weapon {unknown}
 r - a scroll of blinking {unknown}
Potions
 c - 3 potions of invisibility
 d - a potion of resistance {unknown}
 g - a potion of flight {unknown}
 k - 2 potions of curing {unknown}
 n - a potion of ambrosia {unknown}
 q - a potion of attraction {unknown}
 t - a potion of heal wounds {unknown}


   Skills:
 - Level 0.2 Fighting
 + Level 3.5 Short Blades
 + Level 4.5 Dodging
 + Level 7.4 Stealth
 + Level 4.6 Spellcasting
 + Level 5.2 Hexes
 - Level 0.6 Ice Magic


You had 10 spell levels left.
You knew the following spells:

 Your Spells              Type           Power      Damage    Failure   Level
a - Ensorcelled Hibernat  Hex/Ice        26%        N/A       7%          2
b - Tukima's Dance        Hex            20%        N/A       5%          3

Your spell library contained the following spells:

 Spells                   Type           Power      Damage    Failure   Level
 Confusing Touch          Hex            20%        N/A       5%          3
 Dazzling Flash           Conj/Hex       24%        N/A       16%         3
 Sublimation of Blood     Necr           3%         N/A       24%         2
 Gell's Gravitas          Tloc           3%         N/A       43%         3
 Teleport Other           Tloc           3%         N/A       43%         3
 Petrify                  Tmut/Erth      3%         N/A       85%         4
 Alistair's Intoxication  Tmut/Pois      2%         N/A       99%         5
 Borgnjor's Vile Clutch   Necr/Erth      1%         N/A       99%         5
 Irradiate                Conj/Tmut      1%         3d12      99%         5
 Dispersal                Tloc           1%         N/A       100%        6
 Eringya's Noxious Bog    Tmut/Pois      1%         N/A       100%        6


Dungeon Overview and Level Annotations

Branches:
Dungeon (5/15)             Temple (1/1) D:5

Altars:
Ashenzari
Dithmenos
Elyvilon
Gozag
Hepliaklqana
Kikubaaqudgha
Makhleb
Okawaru
Sif Muna
Trog
Uskayaw
Vehumet
Wu Jian
Xom
Yredelemnul
The Shining One


Innate Abilities, Weirdness & Mutations

You are very small and have problems with some larger weapons.
You are too small for most types of armour.
You have supernaturally acute eyesight. (SInv)
You cover ground extremely quickly. (Speed+++)


Message History

Aim: an iguana (chance to affect: 55%)
The iguana resists with significant effort.
The iguana bites the bush but does no damage.
The gnoll shouts!
You hit the gnoll.
The gnoll is lightly wounded.
The gnoll closely misses you.
The iguana bites the bush but does no damage.
The gnoll hits the bush but does no damage.
The gnoll hits you with a +0 flail!
You barely miss the gnoll.
The gnoll is lightly wounded.
The gnoll completely misses you.
The iguana bites the bush!
The gnoll hits the bush with a +0 flail.
The gnoll closely misses you.
You hit the gnoll.
The gnoll is moderately wounded.
The gnoll closely misses you.
The gnoll hits the bush but does no damage.
The gnoll closely misses you. The gnoll completely misses you.
The gnoll hits the bush but does no damage.
The iguana misses you.
You climb downwards.
Welcome back to the Ecumenical Temple!
There is a staircase back to the Dungeon here.
Casting: Ensorcelled Hibernation (safe; 7% risk of failure)
Confirm with . or Enter, or press ? or * to list all spells.
Aiming: Ensorcelled Hibernation (safe; 7% risk of failure)
Press: ? - help, Shift-Dir - straight line, f - iguana
Aim: an iguana (chance to affect: 55%)
The iguana resists with significant effort.
The iguana barely misses you. The gnoll hits you with a +0 flail.
You barely miss the iguana. The iguana completely misses you.
The gnoll completely misses you.
You barely miss the iguana. The iguana completely misses you.
The gnoll hits you with a +0 flail!
* * * LOW HITPOINT WARNING * * *
You hit the iguana.
The iguana is lightly wounded.
The iguana misses you. The gnoll hits you with a +0 flail!
You die...

♣≈≈≈≈≈≈.♣.♣♣§......♣♣....
♣≈≈≈≈≈≈.........._..♣....
♣≈≈≈≈.≈≈._....≈♣........≈
♣≈≈.≈≈≈......♣♣♣......♣≈
♣≈≈..≈≈≈§.._.♣.♣...§_.♣.
♣≈...≈≈.........♣♣......
♣.♣.≈≈.§.§...≈≈..§♣..§.
♣...≈[.....≈≈≈≈≈≈..§...
♣.≈≈≈l@§.≈≈≈≈≈≈≈§≈..._.
♣♣.≈§≈g)≈§≈≈≈♣♣♣≈≈≈..≈≈
♣≈≈≈≈.≈≈≈≈≈♣♣ ♣♣♣≈≈≈..
♣♣≈§≈≈≈≈♣♣♣♣ ♣♣♣≈≈≈
♣§≈≈≈≈♣♣ ♣♣♣♣ ♣♣§≈≈♣♣
♣♣♣♣♣


You could see an iguana and a gnoll.

Vanquished Creatures
  Menkaure (D:5)
  A jelly (D:5)
  A gnoll bouda (Temple)
  4 hounds
  3 iguanas
  A gnoll (Temple)
  5 adders
  2 worms
  3 dart slugs
  13 orcs
  3 bats
  9 endoplasms
  5 giant cockroaches
  6 goblins
  7 hobgoblins
  8 jackals
  2 quokkas (D:3)
  7 ball pythons
  4 frilled lizards
  5 kobolds
  8 rats
98 creatures vanquished.

Notes
Turn   | Place    | Note
-------+----------+-------------------------------------------
     0 | D:1      | omnesmortales the Spriggan Enchanter began the quest for
                  | the Orb.
     0 | D:1      | Reached XP level 1. HP: 9/9 MP: 5/5
   247 | D:1      | Reached skill level 5 in Stealth
   247 | D:1      | Reached XP level 2. HP: 13/13 MP: 6/6
   266 | D:1      | Learned a level 2 spell: Ensorcelled Hibernation
   611 | D:1      | Found a faded altar of an unknown god.
  1041 | D:1      | Reached XP level 3. HP: 16/16 MP: 8/8
  2416 | D:3      | Reached XP level 4. HP: 21/21 MP: 1/10
  3056 | D:3      | Found an ornate altar of the Wu Jian Council.
  3248 | D:3      | Reached skill level 6 in Stealth
  3616 | D:3      | Learned a level 3 spell: Tukima's Dance
  3747 | D:4      | Found a shimmering altar of Xom.
  3877 | D:4      | Reached XP level 5. HP: 16/24 MP: 1/11
  5513 | D:5      | Entered Level 5 of the Dungeon
  5536 | D:5      | Reached XP level 6. HP: 23/28 MP: 13/13
  5640 | D:5      | Reached skill level 7 in Stealth
  5644 | D:5      | Noticed Menkaure
  5668 | D:5      | Killed Menkaure
  5669 | D:5      | Reached skill level 5 in Hexes
  5680 | D:5      | Found a staircase to the Ecumenical Temple.
  5933 | Temple   | Entered the Ecumenical Temple
  6030 | Temple   | Became a worshipper of Vehumet
  6051 | Temple   | Reached XP level 7. HP: 7/32 MP: 10/14
  6317 | Temple   | Slain by a gnoll

Illustrated notes

Levels and vault maps discovered:
D:1:      giann_bridges, layout_rooms, basic_ecumenical_altar
D:2:      layout_basic
D:3:      layout_loops_ring, lemuel_coloured_pillars_altar
D:4:      cheibrodos_helix_gallery, layout_basic, xom_butterflies,
          serial_corexii_hall, chequers_hall_statues_y, corexii_hall_statues_x,
          chequers_hall_statues_corner_a, chequers_hall_statues_wall_a,
          corexii_hall_statues_x, chequers_hall_statues_y
D:5:      layout_basic, minmay_temple_entry_trees, uniq_menkaure
Temple:   nicolae_temple_bog_church

Skill      XL: |  1  2  3  4  5  6 |
---------------+-------------------+-----
Stealth        | 5 6 7 |  7.4
Hexes          | 4 5 |  5.2
Spellcasting   | 3 4 |  4.6
Short Blades   | 2 3 |  3.5
Dodging        | 3 4 |  4.5
Fighting       | |  0.2
Ice Magic      | |  0.6

Action                   |  1- 3 |  4- 6 |  7- 9 || total
-------------------------+-------+-------+-------++-------
Melee: Dagger            |   115 |    13 |       ||   128
       Punch             |     3 |     2 |       ||     5
       Short sword       |       |   105 |    10 ||   115
 Cast: Ensorcelled Hiber |    19 |    48 |     5 ||    72
  Use: Scroll            |     3 |       |       ||     3
 Stab: Sleeping          |    21 |    38 |       ||    59
Armor: Robe              |     5 |    12 |       ||    17
Dodge: Dodged            |    95 |    79 |    16 ||   190

Table legend: (Time is in decaauts)
 A = Elapsed time spent in this place.
 B = Non-inter-level travel time spent in this place.
 C = Inter-level travel time spent in this place.
 D = Time resting spent in this place.
 E = Time spent auto-exploring this place.
 F = Levels seen in this place.
 G = Mean time per level.
                   A        B        C        D        E       F      G
               +--------+--------+--------+--------+--------+-----+--------+
         Total |   5039 |   5019 |     20 |   2671 |    726 |   6 |  839.8 |
       Dungeon |   4714 |   4707 |      7 |   2433 |    723 |   5 |  942.8 |
        Temple |    325 |    312 |     13 |    238 |      3 |   1 |  325.0 |
               +--------+--------+--------+--------+--------+-----+--------+

Top non-repeatable levels by time:
     D:4: 1553 daAuts
     D:1: 1273 daAuts
     D:3: 959 daAuts
     D:2: 550 daAuts
     D:5: 378 daAuts
  Temple: 325 daAuts
